 Dungeon Crawl Stone Soup version 0.22-a0-354-g30dfbe6 (webtiles) character file.

256 Firecrotchwizard the Chopper (level 6, 0/56 HPs)
             Began as a Hill Orc Monk on Apr 17, 2018.
             Was a Believer of Beogh.
             Slain by Edmund
             ... wielding a +4 flail of draining
              (2 damage)
             ... on level 4 of the Dungeon.
             The game lasted 00:05:30 (3950 turns).

Firecrotchwizard the Chopper (Hill Orc Monk)        Turns: 3950, Time: 00:05:30

Health: 0/56       AC:  5    Str: 16    XL:     6   Next: 15%
Magic:  1/7        EV: 10    Int: 10    God:    Beogh [**....]
Gold:   89         SH:  0    Dex: 13    Spells: 5/5 levels left

rFire    . . .     SeeInvis .   a - +0 hand axe
rCold    . . .     Gourm    +   (no shield)
rNeg     . . .     Faith    .   j - +0 ring mail
rPois    .         Spirit   .   (no helmet)
rElec    .         Reflect  .   (no cloak)
rCorr    .         Harm     .   (no gloves)
MR       .....                  (no boots)
Stlth    +.........             m - amulet of the gourmand {Gourm, !d}
HPRegen  0.18/turn              (no ring)
MPRegen  0.10/turn              (no ring)

@: heavily drained
A: no striking features
a: Smiting, Renounce Religion


You were on level 4 of the Dungeon.
You worshipped Beogh.
Beogh was pleased with you.
You were completely stuffed.

You visited 1 branch of the dungeon, and saw 4 of its levels.

You collected 89 gold pieces.

Inventory:

Hand Weapons
 a - a +0 hand axe (weapon)
Armour
 b - a +0 robe
 j - a +0 ring mail (worn)
   (You found it on level 2 of the Dungeon)
Jewellery
 m - an amulet of the gourmand (around neck) {Gourm, !d}
   (You found it on level 2 of the Dungeon)
 p - an uncursed amulet of faith {unknown}
   (You took it off a goblin on level 3 of the Dungeon)
Scrolls
 d - 6 scrolls of identify
 e - 3 scrolls of teleportation {unknown}
 h - 3 scrolls of remove curse {unknown}
 o - a scroll of fog {unknown}
Potions
 f - a potion of brilliance {unknown}
 g - 3 potions of resistance {unknown}
 i - a potion of berserk rage {unknown}
 k - 2 potions of heal wounds {unknown}
 l - a potion of curing
Comestibles
 c - 10 rations {@e1}
 n - a chunk of flesh {@w0}


   Skills:
 + Level 5.0(2.9) Fighting
 + Level 6.6(4.4) Axes
 + Level 3.0(1.0) Armour
 - Level 2.4(0.4) Dodging
 - Level 1.5(0.0) Stealth
 + Level 1.4(0.0) Invocations


You had 5 spell levels left.
You didn't know any spells.

Dungeon Overview and Level Annotations

Branches:
Dungeon (4/15)
 Temple: D:4-7

Altars:

Annotations:
D:4 Edmund


Message History

An orc and 2 orc wizards come into view.
The orc wizard shouts! x2; You hear a shout!
The orc shouts!
There is a stone staircase leading up here.
Health restored: 55 Edmund the Younger comes into view.
He is wielding a flail of draining.
Edmund shouts!
The orc wizard gestures wildly while chanting.
The orc wizard blinks!
Smite: Edmund, wielding a flail of draining and wearing a leather armour
Okay, then.
Smite: Edmund, wielding a flail of draining and wearing a leather armour You smite Edmund!
You now have 3/6 mp.
Smite: Edmund, wielding a flail of draining and wearing a leather armour (moderately wounded)
You smite Edmund!
Edmund closely misses you.
You now have 0/6 mp.
You hit Edmund. You hit Edmund.
Edmund hits you with a flail of draining!
You feel drained.
You take 10 damage, and have 45/55 hp.
Your ring mail prevents you from hitting Edmund.
You hit the orc wizard. Edmund closely misses you.
You hit Edmund. You barely miss the orc wizard.
Edmund drinks a potion.
Edmund is healed!
The orc wizard misses you.
You barely miss Edmund. You hit the orc wizard.
You closely miss the orc wizard. The orc wizard closely misses you.
Edmund asks, "Have you met my wondrous brother?"
Edmund hits you with a flail of draining!
You feel drained.
The orc wizard hits you but does no damage.
You take 12 damage, and have 34/55 hp.
MASSIVE DAMAGE!!
You barely miss Edmund. You barely miss the orc. You slash the orc wizard!
You closely miss the orc wizard.
The orc wizard hits you but does no damage.
The orc closely misses you.
Edmund hits you with a flail of draining.
You feel drained.
The orc wizard hits you but does no damage.
You take 7 damage, and have 27/55 hp.
You hit Edmund.
You hit the orc wizard but do no damage. x2
Your ring mail prevents you from hitting the orc.
The orc wizard mumbles some strange words.
The orc wizard blinks!
The orc hits you with a morningstar!
The orc wizard hits you but does no damage.
Edmund barely misses you.
You take 9 damage, and have 18/55 hp.
You completely miss Edmund. You barely miss the orc wizard. You hit the orc.
The orc wizard barely misses you.
You hit Edmund. You hit the orc.
You kill the orc!
Beogh accepts your kill.
You hit the orc wizard.
You kill the orc wizard!
Beogh accepts your kill.
Your base Fighting skill increases to level 5!
Your base Armour skill increases to level 3!
You hit the orc wizard but do no damage.
Edmund hits you with a flail of draining.
* * * LOW HITPOINT WARNING * * *
You feel drained.
* * * LOW HITPOINT WARNING * * *
The orc wizard casts a spell.
The orc wizard blinks!
You take 5 damage, and have 14/56 hp.
You hit Edmund.
Edmund hits you with a flail of draining.
* * * LOW HITPOINT WARNING * * *
You feel drained.
You take 4 damage, and have 10/56 hp.
You don't have enough magic at the moment.
You closely miss Edmund.
Edmund hits you with a flail of draining.
* * * LOW HITPOINT WARNING * * *
You feel drained.
* * * LOW HITPOINT WARNING * * *
You take 6 damage, and have 4/56 hp.
You barely miss Edmund. Edmund hits you but does no damage.
You feel drained.
You closely miss Edmund. You barely miss the orc wizard.
Edmund hits you with a flail of draining.
* * * LOW HITPOINT WARNING * * *
You feel drained.
* * * LOW HITPOINT WARNING * * *
The orc wizard mumbles some strange words.
The orc wizard seems to speed up.
You take 3 damage, and have 2/56 hp.
You barely miss Edmund.
You hit the orc wizard but do no damage.
The orc wizard hits you but does no damage.
Edmund barely misses you.
You barely miss Edmund.
You hit the orc wizard but do no damage.
The orc wizard barely misses you.
The orc wizard hits you but does no damage.
Edmund hits you with a flail of draining.
You die...

#. .....
#.# .....
... ......
#.# ......
#.##......
#.........
#)o.......
#.@@......
#<##...###
#.# ..#
#.# .# #.#
# #.# #.#
#.# #.#


You could see Edmund and an orc wizard.

Vanquished Creatures
  An orc wizard (D:4)
  2 worker ants (D:2)
  8 adders
  An ooze (D:1)
  2 dart slugs
  3 leopard geckos
  6 orcs
  5 giant cockroaches (D:1)
  12 goblins
  9 hobgoblins
  9 jackals
  10 kobolds
  A ball python (D:1)
  13 bats
  3 frilled lizards
  8 rats
93 creatures vanquished.

Vanquished Creatures (others)
  An orc priest (D:3)
  An orc (D:3)
  A goblin (D:3)
  A hobgoblin (D:3)
4 creatures vanquished.

Grand Total: 97 creatures vanquished

Notes
Turn   | Place    | Note
-------+----------+-------------------------------------------
     0 | D:1      | Firecrotchwizard the Hill Orc Monk began the quest for the Orb.
     0 | D:1      | Reached XP level 1. HP: 19/19 MP: 1/1
   302 | D:1      | Reached XP level 2. HP: 27/27 MP: 2/2
   343 | D:1      | Reached skill level 1 in Armour
   545 | D:1      | Reached skill level 4 in Fighting
   705 | D:1      | Reached XP level 3. HP: 33/33 MP: 3/3
   929 | D:1      | Reached skill level 5 in Axes
  1467 | D:2      | Reached XP level 4. HP: 30/40 MP: 4/4
  1868 | D:2      | Reached skill level 2 in Armour
  2036 | D:2      | Reached XP level 5. HP: 30/47 MP: 5/5
  2291 | D:2      | HP: 11/47 [poisoned by a worker ant]
  2292 | D:2      | Reached skill level 6 in Axes
  2297 | D:2      | HP: 10/47 [poisoned by a worker ant]
  2305 | D:2      | HP: 9/47 [poisoned by a worker ant]
  2944 | D:3      | Became a worshipper of Beogh the Brigand
  2944 | D:3      | Reached * piety under Beogh
  2944 | D:3      | Reached ** piety under Beogh
  3633 | D:3      | Reached skill level 1 in Invocations
  3788 | D:3      | Reached XP level 6. HP: 55/55 MP: 6/6
  3933 | D:4      | Noticed Edmund
  3944 | D:4      | Reached skill level 5 in Fighting
  3944 | D:4      | Reached skill level 3 in Armour
  3944 | D:4      | HP: 14/56 [Edmund/flail of draining (1)]
  3946 | D:4      | HP: 5/56 [Edmund/flail of draining (5)]
  3948 | D:4      | HP: 2/56 [Edmund/flail of draining (1)]
  3950 | D:4      | Slain by Edmund

Vault maps used:
D:1:      dpeg_arrival_leaves_temple_mockup, serial_curves, eino_curves_01,
          eino_curves_03, eino_curves_01, eino_curves_02, st_stairs_6
D:3:      first_ration, kennysheep_another_room
D:4:      minmay_temple_entry_water_ring, lightli_minifort, uniq_menkaure,
          uniq_purgy, uniq_eustachio, uniq_edmund

Skill      XL: |  1  2  3  4  5  6 |
---------------+-------------------+-----
Armour         | 1 2 3 |  3.0
Fighting       | 4 5 |  5.0
Axes           | 5 6 |  6.6
Invocations    | 1 |  1.4
Dodging        | |  2.4
Stealth        | |  1.5

Action                   |  1- 3 |  4- 6 || total
-------------------------+-------+-------++-------
Melee: Hand axe          |   141 |   218 ||   359
Invok: Convert to Beogh  |       |     1 ||     1
       Smiting           |       |     2 ||     2
  Use: Scroll            |     1 |       ||     1
 Stab: Sleeping          |     6 |     1 ||     7
       Distracted        |       |     1 ||     1
  Eat: Chunk             |     9 |    17 ||    26
Armor: Robe              |    33 |       ||    33
       Ring mail         |    22 |    79 ||   101
Dodge: Dodged            |    96 |   139 ||   235

Table legend:
 A = Spawn XP
 B = Non-spawn XP
 C = Spawn XP percentage of total XP
 D = Spawn monster count
 E = Non-spawn monster count
 F = Spawn count percentage of total count
 G = Total turns spent on level
                    A         B        C        D         E        F      G
               +---------+---------+-------+---------+---------+-------+---------
         Total |       0 |     366 |   0.0 |       0 |      93 |   0.0 |  3950
               +---------+---------+-------+---------+---------+-------+---------
           D:1 |       0 |      71 |   0.0 |       0 |      40 |   0.0 |  1372
           D:2 |       0 |     160 |   0.0 |       0 |      28 |   0.0 |  1559
           D:3 |       0 |      90 |   0.0 |       0 |      23 |   0.0 |  1001
           D:4 |       0 |      45 |   0.0 |       0 |       2 |   0.0 |    18
               +---------+---------+-------+---------+---------+-------+---------

Vault maps used:
D:1:      dpeg_arrival_leaves_temple_mockup, serial_curves, eino_curves_01,
          eino_curves_03, eino_curves_01, eino_curves_02, st_stairs_6
D:3:      first_ration, kennysheep_another_room
D:4:      minmay_temple_entry_water_ring, lightli_minifort, uniq_menkaure,
          uniq_purgy, uniq_eustachio, uniq_edmund

Table legend:
 A = Turns spent in this place as a percentage of turns spent in the entire game.
 B = Non-inter-level travel turns spent in this place as a percentage of non-inter-level travel turns spent in the entire game.
 C = Inter-level travel turns spent in this place as a percentage of turns spent in this place.
 D = Turns resting spent in this place as a percentage of non-inter-level travel turns spent in this place.
 E = Turns spent auto-exploring this place as a percentage of non-inter-level travel turns spent in this place.
 F = Non-inter-level travel turns spent in this place divided by the number of levels of this place that you've seen.
                   A       B       C       D       E      F
               +-------+-------+-------+-------+-------+----------------------
         Total | 100.0 | 100.0 |   2.1 |  39.1 |  43.3 | 966.8
       Dungeon | 100.0 | 100.0 |   2.1 |  39.1 |  43.3 | 966.8
               +-------+-------+-------+-------+-------+----------------------

Table legend:
 A = Kills in this place as a percentage of kills in entire the game.
 B = Kills by you in this place as a percentage of kills by you in the entire game.
 C = Kills by friends in this place as a percentage of kills by friends in the entire game.
 D = Other kills in this place as a percentage of other kills in the entire game.
 E = Experience gained in this place as a percentage of experience gained in the entire game.
 F = Experience gained in this place divided by the number of levels of this place that you have seen.
                   A       B       C       D       E      F
               +-------+-------+-------+-------+-------+----------------------
         Total | 100.0 | 100.0 |   N/A |   N/A | 100.0 |  91.5
       Dungeon | 100.0 | 100.0 |   N/A |   N/A | 100.0 |  91.5
               +-------+-------+-------+-------+-------+----------------------
